 Dungeon Crawl Stone Soup version 0.19.5 (webtiles) character file.

18748 Jerry the Carver (level 12, -1/87 HPs)
             Began as a Formicid Fighter on Mar 21, 2017.
             Was a High Priest of Kikubaaqudgha.
             Slain by a yak (8 damage)
             ... on level 2 of the Lair of Beasts.
             The game lasted 00:45:36 (11265 turns).

Jerry the Carver (Formicid Fighter)                Turns: 11265, Time: 00:45:36

Health: -1/87      AC:  9    Str: 30    XL:     12   Next: 99%
Magic:  21/21      EV: 15    Int: 11    God:    Kikubaaqudgha [*****.]
Gold:   748        SH:  8    Dex: 12    Spells: 4 memorised, 12 levels left

rFire  . . .     SeeInvis +     N - +3 great sword
rCold  + . .     Gourm    .     A - +0 troll leather armour {Purgy}
rNeg   . . .     Faith    .     G - +3 buckler of the Wumpus {MR+ Str+7}
rPois  +         Spirit   .     (helmet unavailable)
rElec  .         Reflect  .     (no cloak)
rCorr  .         Harm     .     S - +0 pair of gloves
MR     ++...     Clarity  +     H - +1 pair of boots
Stlth  ++........               (no amulet)
                                r - ring of poison resistance
                                p - +4 ring of evasion

@: no status effects
A: permanent stasis, dig shafts and tunnels, four strong arms, antennae 3, thin
skeletal structure 1, blurry vision 1, clarity, cold resistance 1, frail 1, high
mp 1, sense surroundings 1, screaming 2, subdued magic 1
a: Dig, Shaft Self, Receive Corpses, Torment, Renounce Religion


You were on level 2 of the Lair of Beasts.
You worshipped Kikubaaqudgha.
Kikubaaqudgha was extremely pleased with you.
You were not hungry.

You visited 3 branches of the dungeon, and saw 14 of its levels.

You collected 748 gold pieces.

Inventory:

Hand Weapons
 N - a +3 great sword (weapon)
 R - a +0 scimitar of flaming
Armour
 c - a +1 scale mail of cold resistance
 A - a +0 troll leather armour (worn) {Purgy}
 G - the +3 buckler of the Wumpus (worn) {MR+ Str+7}
   (You found it on level 5 of the Dungeon)

   It affects your strength (+7).
   It affects your resistance to hostile enchantments.
 H - a +1 pair of boots (worn)
 S - a +0 pair of gloves (worn)
Jewellery
 n - an uncursed ring of protection from fire
 p - a +4 ring of evasion (left hand)
 r - a ring of poison resistance (right hand)
 D - a +4 ring of evasion
 P - an uncursed ring of protection from cold
 U - an uncursed ring of protection from fire
Wands
 j - a wand of paralysis (17/24)
 y - a wand of iceblast (0/15)
Scrolls
 b - 3 scrolls of immolation
 e - 3 scrolls of remove curse
 l - 3 scrolls of enchant weapon
 E - 3 scrolls of magic mapping
 K - 2 scrolls of fear
Potions
 d - 2 potions of might
 g - 3 potions of invisibility
 i - 5 potions of flight
 o - a potion of magic
 s - 4 potions of curing
 t - 7 potions of lignification
 x - 2 potions of brilliance
 z - a potion of agility
 C - 2 potions of degeneration {unknown}
 F - a potion of beneficial mutation {unknown}
 L - 2 potions of cancellation {unknown}
 O - a potion of cure mutation {unknown}
 V - a potion of mutation {unknown}
Books
 v - a book of Necromancy

   Spells                             Type                      Level
   a - Pain                           Necromancy                   1
   b - Animate Skeleton               Necromancy                   1
   c - Vampiric Draining              Necromancy                   3
   d - Regeneration                   Charms/Necromancy            3
   e - Animate Dead                   Necromancy                   4
   f - Control Undead                 Necromancy                   4
 w - Kikubaaqudgha's Volume of Unholy Magic
   (Kikubaaqudgha gifted it to you on level 9 of the Dungeon)

   Spells                             Type                      Level
   a - Animate Dead                   Necromancy                   4
   b - Excruciating Wounds            Charms/Necromancy            5
   c - Bolt of Draining               Conjuration/Necromancy       5
   d - Dispel Undead                  Necromancy                   5
   e - Death Channel                  Necromancy                   6
Comestibles
 a - a chunk of flesh
 f - 6 bread rations
 h - 3 beef jerkies
 m - 7 meat rations
 B - 5 fruits
 M - a slice of pizza
 Q - 10 royal jellies


   Skills:
 + Level 10.2 Fighting
 * Level 12.4 Long Blades
 + Level 10.2 Armour
 - Level 4.6 Shields
 - Level 5.2 Spellcasting
 + Level 4.2 Charms
 + Level 7.5 Necromancy


You had 12 spell levels left.
You knew the following spells:

 Your Spells              Type           Power        Failure   Level  Hunger
a - Animate Skeleton      Necr           N/A          1%          1    None
b - Vampiric Draining     Necr           ##........   2%          3    ###....
c - Sublimation of Blood  Necr           ##........   1%          2    ##.....
d - Regeneration          Chrm/Necr      ##........   6%          3    ###....


Dungeon Overview and Level Annotations

Branches:
Dungeon (11/15)            Temple (1/1) D:5            Lair (2/6) D:11
    Orc (0/2) D:10
  Swamp: Lair:2-4    Shoals: Lair:2-4     Snake: Lair:2-4    Spider: Lair:2-4

Altars:
Ashenzari
Cheibriados
Dithmenos
Elyvilon
Fedhas
Gozag
Hepliaklqana
Kikubaaqudgha
Makhleb
Nemelex Xobeh
Okawaru
Qazlal
Ru
Sif Muna
Trog
Uskayaw
Vehumet
Xom
Yredelemnul
Zin
The Shining One

Shops:
D:6 }


Innate Abilities, Weirdness & Mutations

You are under a permanent stasis effect.
You can dig through walls and to a lower floor.
Your four strong arms can wield two-handed weapons with a shield.
You have a pair of large antennae on your head. (SInv)
You have a somewhat thin skeletal structure. (Dex +2, Stealth)
Scrolls take you a little longer to read.
You possess an exceptional clarity of mind.
Your flesh is cold resistant. (rC+)
You are frail. (-10% HP)
You have an increased reservoir of magic. (+10% MP)
You passively map a small area around you.
You sometimes yell uncontrollably at your foes.
Your spells are a little easier to cast, but a little less powerful.


Message History

The spiny frog stings you but does no damage.
The yak gores you! The yak gores you.
You barely miss the spiny frog.
The spiny frog is lightly wounded.
The spiny frog stings you!
* * * LOW HITPOINT WARNING * * *
The yak gores you.
* * * LOW HITPOINT WARNING * * *
The spiny frog stings you!!
* * * LOW HITPOINT WARNING * * *
The yak gores you but does no damage.
You slice the spiny frog!!
The spiny frog is almost dead.
The spiny frog closely misses you.
You riposte.
You slice the spiny frog!!
You kill the spiny frog!
Kikubaaqudgha accepts your kill. You block the yak's attack. x2
The yak gores you!
You die...
Kikubaaqudgha rasps: "You have failed me!
Welcome... death!"

* , * ##....P...#.
.##........". ,
............ ,, ,
........... *
,.......... ,
,.......Y.,, ,
,,,.......t##* , ,
,,......YY†# , ,
.......@## * *
##.##....#*..
*###...##...,
#####.#...##.. ** , ,
..........#.# #.##
....#......+ , *
#..#*+.## #.....P#* *
, , * #..##.
#####...###*
##....+##.###...##.P,
* > ,


You could see 3 yaks and a crocodile.

Vanquished Creatures
  Gastronok (Lair:2)
  Erolcha (D:9)
  Harold (Lair:1)
  2 hydras
  Erica (D:10)
  A hill giant (D:11)
  4 spiny frogs
  A gargoyle (D:11)
  A queen bee (D:10)
  3 two-headed ogres
  2 hippogriffs
  8 yaks
  2 hungry ghosts
  Grum (D:9)
  Menkaure (D:5)
  4 water moccasins
  5 porcupines
  Purgy (D:4)
  2 orc warriors
  5 sky beasts
  3 ice beasts
  2 phantoms (D:10)
  3 wolves
  7 ogres
  2 crocodiles
  8 centaurs
  A big kobold (D:8)
  11 bullfrogs
  2 gnoll sergeants (D:10)
  A wyvern skeleton (D:10)
  A scorpion (D:7)
  29 killer bees
  15 wights
  2 troll zombies (D:10)
  5 howler monkeys
  5 crimson imps
  2 quasits
  3 centaur zombies
  6 hounds
  2 jellies (D:10)
  3 centaur skeletons
  11 orc priests
  A bullfrog skeleton (D:7)
  Ijyb (D:3)
  Natasha (thrice) (D:4)
  10 orc wizards
  8 worker ants
  3 ogre zombies (D:10)
  A hound skeleton (D:7)
  17 gnolls
  8 adders
  A shadow imp (D:9)
  An adder skeleton (D:7)
  2 adder zombies
  2 worms (D:3)
  A dart slug (D:2)
  5 leopard geckos
  43 orcs
  A giant cockroach (D:5)
  10 goblins
  5 hobgoblins
  2 jackals (D:11)
  8 kobolds
  6 quokkas
  6 bats
  5 frilled lizards
  A goblin skeleton (D:10)
  A goblin zombie (D:10)
  2 hobgoblin skeletons (D:10)
  2 hobgoblin zombies (D:10)
  A leopard gecko skeleton (D:4)
  An orc skeleton (D:10)
  11 orc zombies (D:10)
  3 rats
343 creatures vanquished.

Vanquished Creatures (others)
  Blork the orc (D:5)
1 creature vanquished.

Grand Total: 344 creatures vanquished

Notes
Turn   | Place    | Note
-------+----------+-------------------------------------------
     0 | D:1      | Jerry the Formicid Fighter began the quest for the Orb.
     0 | D:1      | Reached XP level 1. HP: 18/18 MP: 1/1
   145 | D:1      | Reached XP level 2. HP: 17/24 MP: 2/2
   707 | D:2      | Reached skill level 3 in Long Blades
   707 | D:2      | Reached XP level 3. HP: 27/29 MP: 3/3
   993 | D:2      | Found a sacrificial altar of Ru.
  1153 | D:3      | Reached XP level 4. HP: 36/36 MP: 4/4
  1176 | D:3      | Noticed Ijyb
  1186 | D:3      | Killed Ijyb
  1186 | D:3      | Reached skill level 4 in Long Blades
  1186 | D:3      | Reached XP level 5. HP: 14/42 MP: 5/5
  2212 | D:4      | Noticed Purgy
  2220 | D:4      | Killed Purgy
  2220 | D:4      | Reached XP level 6. HP: 32/49 MP: 6/6
  2268 | D:4      | Found a basalt altar of Yredelemnul.
  2269 | D:4      | Found a stormy altar of Qazlal.
  2284 | D:4      | Noticed an ogre
  2295 | D:4      | Killed an ogre
  2295 | D:4      | Reached skill level 5 in Long Blades
  2320 | D:4      | Noticed Natasha
  2327 | D:4      | Killed Natasha
  2327 | D:4      | Reached XP level 7. HP: 42/55 MP: 7/7
  2368 | D:4      | Noticed Natasha
  2379 | D:4      | Killed Natasha
  2616 | D:4      | Noticed Natasha
  2631 | D:4      | Killed Natasha
  2631 | D:4      | Reached skill level 5 in Fighting
  2694 | D:5      | Entered Level 5 of the Dungeon
  2700 | D:4      | Reached skill level 5 in Armour
  3009 | D:5      | Got a fine buckler
  3015 | D:5      | Identified the +3 buckler of the Wumpus {MR+ Str+7} (You found it on level 5 of the Dungeon)
  3140 | D:5      | Reached skill level 6 in Long Blades
  3154 | D:5      | Noticed Menkaure
  3161 | D:5      | Killed Menkaure
  3161 | D:5      | Reached XP level 8. HP: 45/63 MP: 8/8
  3209 | D:5      | Found a staircase to the Ecumenical Temple.
  3215 | Temple   | Entered the Ecumenical Temple
  3342 | Temple   | Became a worshipper of Kikubaaqudgha
  3628 | D:5      | You fall through a shaft for 2 floors!
  3738 | D:7      | Reached skill level 1 in Necromancy
  3844 | D:5      | Noticed Blork the orc
  3862 | D:5      | Found a deep blue altar of Sif Muna.
  3884 | D:5      | Killed Blork the orc
  4185 | D:6      | Found a sparkling altar of Nemelex Xobeh.
  4197 | D:6      | Reached skill level 1 in Spellcasting
  4295 | D:6      | Reached skill level 7 in Long Blades
  4303 | D:6      | Reached XP level 9. HP: 46/69 MP: 11/11
  4310 | D:6      | Gained mutation: You have an increased reservoir of magic. (+10% MP) [mutagenic meat]
  4311 | D:6      | Gained mutation: Your flesh is cold resistant. (rC+) [mutagenic meat]
  4312 | D:6      | Gained mutation: Your spells are a little easier to cast, but a little less powerful. [mutagenic meat]
  4313 | D:6      | Gained mutation: You have sharp toenails. [mutagenic meat]
  4314 | D:6      | Gained mutation: Scrolls take you a little longer to read. [mutagenic meat]
  4315 | D:6      | Gained mutation: Armour fits poorly on your strangely shaped body. [mutagenic meat]
  4349 | D:6      | Found Viqium's Gadget Shop.
  4365 | D:6      | Reached * piety under Kikubaaqudgha
  4365 | D:6      | Identified Kikubaaqudgha's Tome of Necromancy (Kikubaaqudgha gifted it to you on level 6 of the Dungeon)
  4365 | D:6      | Received a gift from Kikubaaqudgha
  4399 | D:6      | Learned a level 1 spell: Animate Skeleton
  4403 | D:6      | Learned a level 3 spell: Vampiric Draining
  4994 | D:7      | Gained mutation: You passively map a small area around you. [mutagenic meat]
  5090 | D:7      | Reached skill level 8 in Long Blades
  5293 | D:7      | Reached ** piety under Kikubaaqudgha
  5565 | D:7      | Lost mutation: Armour fits poorly on your strangely shaped body. [mutagenic meat]
  5865 | D:8      | Reached XP level 10. HP: 79/79 MP: 16/16
  5871 | D:8      | Found an opulent altar of Gozag.
  5878 | D:8      | Found a hide-covered altar of Uskayaw.
  5882 | D:8      | Learned a level 2 spell: Sublimation of Blood
  6481 | D:8      | Reached skill level 9 in Long Blades
  6758 | D:9      | Noticed Grum
  6840 | D:9      | Reached *** piety under Kikubaaqudgha
  6840 | D:9      | Identified Kikubaaqudgha's Volume of Unholy Magic (Kikubaaqudgha gifted it to you on level 9 of the Dungeon)
  6840 | D:9      | Received a gift from Kikubaaqudgha
  6974 | D:9      | HP: 3/80 [Grum/halberd of flaming (3)]
  6976 | D:9      | Killed Grum
  7388 | D:9      | Noticed Erolcha
  7410 | D:9      | Killed Erolcha
  7410 | D:9      | Reached skill level 5 in Spellcasting
  7558 | D:9      | HP: 4/80 [orc warrior/flail (13)]
  7561 | D:9      | Reached skill level 5 in Necromancy
  7561 | D:9      | Reached XP level 11. HP: 5/86 MP: 20/20
  7711 | D:9      | Found a bloodstained altar of Trog.
  7711 | D:9      | Found a radiant altar of Vehumet.
  7717 | D:9      | Found a hazy altar of Hepliaklqana.
  7719 | D:9      | Found a white marble altar of Elyvilon.
  7721 | D:9      | Found a shadowy altar of Dithmenos.
  7785 | D:9      | Found a glowing golden altar of the Shining One.
  7960 | D:9      | Reached skill level 10 in Long Blades
  8029 | D:10     | Entered Level 10 of the Dungeon
  8047 | D:10     | Gained mutation: You are frail. (-10% HP) [mutagenic meat]
  8048 | D:10     | Gained mutation: You possess an exceptional clarity of mind. [mutagenic meat]
  8050 | D:10     | Gained mutation: You occasionally shout uncontrollably at your foes. [mutagenic meat]
  8052 | D:10     | Lost mutation: You are frail. (-10% HP) [mutagenic meat]
  8210 | D:10     | Reached **** piety under Kikubaaqudgha
  8362 | D:10     | Noticed Erica
  8381 | D:10     | Killed Erica
  8436 | D:10     | Found a staircase to the Orcish Mines.
  8552 | D:10     | Reached ***** piety under Kikubaaqudgha
  9023 | D:10     | Reached skill level 11 in Long Blades
  9340 | D:10     | Learned a level 3 spell: Regeneration
  9392 | D:11     | Found a blossoming altar of Fedhas.
  9432 | D:11     | Noticed a hill giant
  9439 | D:11     | Killed a hill giant
  9439 | D:11     | Reached XP level 12. HP: 68/96 MP: 21/21
  9618 | D:11     | Reached skill level 1 in Charms
  9648 | D:11     | Gained mutation: You are frail. (-10% HP) [mutagenic meat]
  9650 | D:11     | Gained mutation: You have a somewhat thin skeletal structure. (Dex +2, Stealth) [mutagenic meat]
  9651 | D:11     | Lost mutation: You have sharp toenails. [mutagenic meat]
  9652 | D:11     | Gained mutation: You sometimes yell uncontrollably at your foes. [mutagenic meat]
  9934 | D:11     | Found a staircase to the Lair.
 10128 | Lair:1   | Entered Level 1 of the Lair of Beasts
 10204 | Lair:1   | Noticed Harold
 10216 | Lair:1   | Killed Harold
 10408 | Lair:1   | Noticed a five-headed hydra
 10416 | Lair:1   | Killed a two-headed hydra
 10543 | Lair:1   | Reached skill level 12 in Long Blades
 10653 | Lair:1   | Found a shimmering altar of Xom.
 10998 | Lair:2   | Noticed an eight-headed hydra
 11014 | Lair:2   | Killed a four-headed hydra
 11014 | Lair:2   | Reached skill level 10 in Fighting
 11014 | Lair:2   | Reached skill level 10 in Armour
 11159 | Lair:2   | Noticed Gastronok
 11172 | Lair:2   | Killed Gastronok
 11265 | Lair:2   | Slain by a yak

Skill      XL: |  1  2  3  4  5  6  7  8  9 10 11 12 |
---------------+-------------------------------------+-----
Long Blades    | 3 4 5 6 7 8 9 11 12 | 12.4
Armour         | 4 5 6 7 8 9 10 | 10.2
Fighting       | 4 5 6 7 8 9 10 | 10.2
Shields        | 4 |  4.6
Necromancy     | 2 3 5 6 7 |  7.5
Spellcasting   | 1 3 5 |  5.2
Charms         | 4 |  4.2

Action                   |  1- 3 |  4- 6 |  7- 9 | 10-12 || total
-------------------------+-------+-------+-------+-------++-------
Melee: Long sword        |    72 |    97 |   232 |       ||   401
       Great sword       |       |       |   101 |   440 ||   541
       Scimitar          |       |       |       |   171 ||   171
 Cast: Animate Skeleton  |       |       |     3 |     2 ||     5
 Abil: Dig               |       |       |       |     3 ||     3
Evoke: Wand              |       |       |       |    10 ||    10
  Use: Potion            |       |     1 |       |     2 ||     3
       Scroll            |       |       |    14 |     9 ||    23
 Stab: Distracted        |       |       |       |     1 ||     1
       Sleeping          |       |       |       |     2 ||     2
  Eat: Chunk             |     1 |     4 |    19 |    34 ||    58
       Pizza             |       |       |     1 |       ||     1
Armor: Scale mail        |    42 |    34 |       |    29 ||   105
       Troll leather arm |       |     3 |    50 |    97 ||   150
Dodge: Dodged            |    33 |    69 |   263 |   406 ||   771
Block: Buckler           |       |       |    96 |   231 ||   327
       Rpst.: Long sword |    11 |    24 |    52 |       ||    87
       Great sword       |       |       |    19 |   105 ||   124
       Scimitar          |       |       |       |    23 ||    23
